 Dungeon Crawl Stone Soup version 0.21-a0-94-gdd6ab6a (webtiles) character file.

98 tilp the Firebug (level 4, -1/33 HPs)
             Began as a Hill Orc Fire Elementalist on July 2, 2017.
             Killed from afar by an orc wizard (8 damage)
             ... with a magic dart
             ... on level 3 of the Dungeon.
             The game lasted 00:07:33 (2451 turns).

tilp the Firebug (Hill Orc Fire Elementalist)       Turns: 2451, Time: 00:07:34

Health: -1/33      AC:  3    Str: 10    XL:     4   Next: 69%
Magic:  1/8        EV: 11    Int: 16    God:
Gold:   58         SH:  0    Dex: 11    Spells: 5/9 levels left

rFire    . . .     SeeInvis .   i - -2 club (curse)
rCold    . . .     Gourm    .   (no shield)
rNeg     . . .     Faith    .   k - +0 leather armour
rPois    .         Spirit   .   (no helmet)
rElec    .         Reflect  .   (no cloak)
rCorr    .         Harm     .   (no gloves)
MR       .....                  (no boots)
Stlth    +.........             (no amulet)
HPRegen  0.11/turn              (no ring)
MPRegen  0.11/turn              (no ring)

@: no status effects
A: no striking features
a: no special abilities


You were on level 3 of the Dungeon.
You were not hungry.

You visited 1 branch of the dungeon, and saw 3 of its levels.

You collected 58 gold pieces.

Inventory:

Hand Weapons
 i - a cursed -2 club (weapon)
 l - a +0 war axe
Missiles
 h - 54 stones (quivered)
Armour
 a - a +0 robe
 k - a +0 leather armour (worn)
Potions
 d - 3 potions of heal wounds
 e - a potion of cancellation {unknown}
 f - a potion of mutation {unknown}
 g - a potion of magic {unknown}
 m - 2 potions of lignification
Books
 b - a book of Flames

   Spells                             Type                      Level
   a - Flame Tongue                   Conjuration/Fire             1
   b - Throw Flame                    Conjuration/Fire             2
   c - Conjure Flame                  Conjuration/Fire             3
   d - Inner Flame                    Hexes/Fire                   3
   e - Sticky Flame                   Conjuration/Fire             4
   f - Fireball                       Conjuration/Fire             5
Comestibles
 c - 2 bread rations
 j - 4 fruits
 p - a meat ration


   Skills:
 - Level 1.5 Dodging
 - Level 1.5 Stealth
 - Level 3.1 Spellcasting
 * Level 2.5 Conjurations
 - Level 3.2 Fire Magic


You had 5 spell levels left.
You knew the following spells:

 Your Spells              Type           Power        Failure   Level  Hunger
a - Flame Tongue          Conj/Fire      ##...        8%          1    #......
b - Conjure Flame         Conj/Fire      ##......     22%         3    ###....


Dungeon Overview and Level Annotations

Branches:
Dungeon (3/15)

Altars:
Cheibriados
Ru


Message History

The orc wizard hits you with a dagger. The orc wizard barely misses you.
You closely miss the orc wizard.
The orc wizard is severely wounded.
The orc wizard closely misses you. The orc wizard barely misses you.
All of the chunks of flesh in your inventory have rotted away.
You barely miss the orc wizard.
The orc wizard is severely wounded.
The orc wizard hits you but does no damage.
The orc wizard hits you with a dagger.
You hit the orc wizard but do no damage.
The orc wizard is severely wounded.
The orc wizard gestures at you while chanting.
The magic dart hits you!
* * * LOW HITPOINT WARNING * * *
The orc wizard hits you with a dagger.
* * * LOW HITPOINT WARNING * * *
The orc wizard hits you but does no damage.
The orc wizard gestures at you while chanting.
The magic dart hits you!
You die...

.## .....###########
.....=)oo.@....######
#.##.#######........#
#..<####.# ##### #.#
#.# #.# #.# #.#
##########.#


You could see an orc wizard and an orc.

Vanquished Creatures
  An orc wizard (D:3)
  3 adders (D:2)
  A worm (D:2)
  5 leopard geckos
  An orc (D:3)
  A giant cockroach (D:1)
  2 goblins
  4 hobgoblins
  2 kobolds (D:2)
  5 bats
  5 frilled lizards
  9 rats
39 creatures vanquished.

Notes
Turn   | Place    | Note
-------+----------+-------------------------------------------
     0 | D:1      | tilp the Hill Orc Fire Elementalist began the quest for the Orb.
     0 | D:1      | Reached XP level 1. HP: 14/14 MP: 3/3
   470 | D:1      | Reached XP level 2. HP: 20/20 MP: 3/5
  1060 | D:1      | Reached XP level 3. HP: 26/26 MP: 4/6
  1065 | D:1      | Learned a level 3 spell: Conjure Flame
  1172 | D:2      | Found a sacrificial altar of Ru.
  1173 | D:2      | Found a snail-covered altar of Cheibriados.
  2184 | D:2      | Reached XP level 4. HP: 33/33 MP: 5/8
  2451 | D:3      | Killed from afar by an orc wizard

Vault maps used:
D:1:      dpeg_arrival_yet_another_circle
D:2:      chequers_temple_overflow_statue_of_worship, chequers_big_river
D:3:      grunt_temple_overflow_forces_of_nature, grunt_gozag_breadcrumbs,
          uniq_robin

Skill      XL: |  1  2  3  4 |
---------------+-------------+-----
Spellcasting   | 2 3 |  3.1
Conjurations   | 2 |  2.5
Dodging        | |  1.5
Stealth        | |  1.5
Fire Magic     | |  3.2

Action                   |  1- 3 |  4- 6 || total
-------------------------+-------+-------++-------
Melee: Unarmed           |     5 |       ||     5
       Club              |    12 |    23 ||    35
 Cast: Flame Tongue      |    57 |    15 ||    72
  Use: Potion            |     1 |     1 ||     2
       Scroll            |     1 |     3 ||     4
  Eat: Chunk             |     3 |       ||     3
       Bread ration      |     1 |       ||     1
Armor: Robe              |    10 |       ||    10
       Leather armour    |     3 |    14 ||    17
Dodge: Dodged            |    45 |    16 ||    61
